 Dungeon Crawl Stone Soup version 0.28-a0-239-g68911e0c57 (webtiles) character file.

Game seed: 18400134676381527145

34198 robertstho the Eclecticist (level 14, 0/101 HPs)
             Began as a Djinni Fire Elementalist on Aug 23, 2021.
             Was an Initiate of Gozag.
             Slain by a minotaur (24 damage)
             ... in a Gauntlet.
             The game lasted 00:39:50 (14881 turns).

robertstho the Eclecticist (DjFE)                  Turns: 14881, Time: 00:39:51

Health: 0/101      AC:  4    Str: 13    XL:     14   Next: 12%
Gold:   327        EV: 12    Int: 22    God:    Gozag SH:  9 Dex: 20

rFire   + + .      SeeInvis +   g - +2 rapier (venom)
rCold   x . .      Faith    .   G - +0 kite shield {reflect}
rNeg    . . .      Spirit   .   U - +2 robe "Kexzil" {rCorr SInv}
rPois   ∞          Reflect  +   (no helmet)
rElec   .          Harm     .   l - scarf {+Inv}
rCorr   +          Rampage  .   (no gloves)
Will    +....      NoTele   +   (boots unavailable)
Stlth   +++.......              j - amulet of regeneration
HPRegen 1.26/turn               J - +6 ring of strength
MPRegen 0.00/turn               S - +6 ring of dexterity

@: brilliant, flying, studying Armour
A: sickness immunity, fire resistance 2, cold vulnerability 1, float, innate
caster, hp casting, extra vitality 1
a: Renounce Religion, Evoke Invisibility, Potion Petition, Call Merchant, Bribe
Branch


You were in a Gauntlet.
You worshipped Gozag.
Gozag was aware of your devotion.
You visited 3 branches of the dungeon, and saw 17 of its levels.
You also visited: Ossuary, Bailey and Gauntlet.

You collected 3394 gold pieces.
You spent 488 gold pieces at shops.
You paid 2579 gold pieces to Gozag.

Inventory:

Hand Weapons
 g - a +2 rapier of venom (weapon)
 P - a +0 vampiric great sword
Armour
 a - the +0 hat "Ceqikasch" {rF+ rN+ Int+4 Stlth+}
   (You found it in a Gauntlet)

   Int:       It affects your intelligence (+4).
   rF:        It protects you from fire.
   rN:        It protects you from negative energy.
   Stlth:     It makes you more stealthy.
 l - a scarf of invisibility (worn)
 G - a +0 kite shield of reflection (worn)
 M - the +5 ring mail of Sunlight {Int+3}
   (You bought it in a shop on level 12 of the Dungeon)

   Int:       It affects your intelligence (+3).
 U - the +2 robe "Kexzil" (worn) {rCorr SInv}
   (You found it on level 2 of the Lair of Beasts)

   SInv:      It lets you see invisible.
   rCorr:     It protects you from acid and corrosion.
Jewellery
 j - an amulet of regeneration (around neck)
 u - a ring of see invisible
 x - a ring of ice
 J - a +6 ring of strength (left hand)
 K - a ring of positive energy
 L - a +6 ring of intelligence
 S - a +6 ring of dexterity (right hand)
Wands
 i - a wand of polymorph (14)
 n - a wand of iceblast (37)
 y - a wand of acid (6)
 B - a wand of flame (13)
Scrolls
 c - 8 scrolls of teleportation
 e - 4 scrolls of fog
 o - 4 scrolls of enchant armour
 v - a scroll of fear
 w - a scroll of enchant weapon
 z - 2 scrolls of immolation
 E - 5 scrolls of amnesia
 F - a scroll of silence
 I - 2 scrolls of vulnerability
 Q - a scroll of blinking
Potions
 b - a potion of curing
 f - 4 potions of might
 h - 3 potions of cancellation
 m - 2 potions of lignification {unknown}
 p - 10 potions of ambrosia
 q - 2 potions of attraction {unknown}
 s - a potion of magic {unknown}
 t - 2 potions of invisibility {unknown}
 A - 3 potions of mutation
 H - 2 potions of resistance
 O - a potion of berserk rage
Miscellaneous
 N - a condenser vane
 R - a phantom mirror


   Skills:
 * Level 9.0 Fighting
 + Level 3.3 Short Blades
 + Level 1.8 Armour
 + Level 5.0 Dodging
 + Level 4.1 Stealth
 + Level 1.6 Shields
 * Level 15.0 Spellcasting


You had 8 spell levels left.
You knew the following spells:

 Your Spells              Type           Power      Damage    Failure   Level
a - Foxfire               Conj/Fire      100%       2x1d9     1%          1
b - Conjure Flame         Conj/Fire      89%        6-21      1%          3
c - Inner Flame           Hex/Fire       89%        N/A       1%          3
d - Sticky Flame          Conj/Fire      89%        2d10      1%          4
e - Fireball              Conj/Fire      44%        3d18      1%          5
f - Sting                 Tmut/Pois      100%       1d8       1%          1
g - Slow                  Hex            89%        N/A       1%          2
h - Tukima's Dance        Hex            89%        N/A       1%          3
i - Ozocubu's Armour      Ice            89%        N/A       1%          3
j - Summon Forest         Summ/Tloc      44%        N/A       1%          5
k - Yara's Violent Unrav  Hex/Tmut       44%        3d17      1%          5
Your spell library was empty.

Dungeon Overview and Level Annotations

Branches:
Dungeon (12/15)            Temple (1/1) D:6            Lair (4/6) D:10
 Shoals (0/4) Lair:4       Spider (0/4) Lair:4          Orc (0/2) D:11
Ossuary (visited)          Bailey (visited)         Gauntlet (1/1)

Altars:
Ashenzari
Cheibriados
Dithmenos
Elyvilon
Fedhas
Gozag
Hepliaklqana
Kikubaaqudgha
Makhleb
Nemelex Xobeh
Okawaru
Qazlal
Ru
Sif Muna
Trog
Uskayaw
Vehumet
Wu Jian
Xom
Yredelemnul
Zin
The Shining One

Shops:
D:6 :   D:12 [[   Lair:4 ?

Annotations:
D:11 2 transporters, gregwegmann's ghost, journeyman MiBe Gauntlet 6 transporters


Innate Abilities, Weirdness & Mutations

You are immune to sickness and miasma.
You are immune to poison.
Your flesh is very heat resistant. (rF++)
You are vulnerable to cold. (rC-)
You float through the air rather than walking.
You learn spells naturally, not from books.
Your magical power is your life essence.
You have superior vitality. (+4 HP)


Message History

You feel clever all of a sudden.
Casting: Fireball (mildly dangerous; 1% risk of failure)
Confirm with . or Enter, or press ? or * to list all spells.
Aiming: Sticky Flame (safe; 1% risk of failure)
Press: ? - help, Shift-Dir - straight line, f/p - minotaur
Aim: a minotaur, wearing a +2 chain mail of fire resistance, wearing an amulet of regeneration and quivering javelins (moderately wounded, 100% to hit)
You feel a surge of power!
The sticky flame hits the minotaur.
The minotaur completely resists.
The minotaur is moderately wounded.
The minotaur is covered in liquid flames!
The minotaur burns!
The minotaur hits you!!
* * * LOW HITPOINT WARNING * * *
The minotaur gores you.
* * * LOW HITPOINT WARNING * * *
You feel much better.
The minotaur burns!
The minotaur hits you!
The minotaur gores you but does no damage.
The minotaur burns!
As you read the scroll of fear, it crumbles to dust.
You assume a fearsome visage.
The minotaur resists with almost no effort.
The minotaur burns!
You block the minotaur's attack. The minotaur gores you.
* * * LOW HITPOINT WARNING * * *
You feel better.
The minotaur burns!
The minotaur stops burning.
You block the minotaur's attack. The minotaur barely misses you.
Casting: Sticky Flame (safe; 1% risk of failure)
Confirm with . or Enter, or press ? or * to list all spells.
Aiming: Sticky Flame (safe; 1% risk of failure)
Press: ? - help, Shift-Dir - straight line, f/p - minotaur
Aim: a minotaur, wearing a +2 chain mail of fire resistance, wearing an amulet of regeneration and quivering javelins (heavily wounded, 100% to hit)
You feel a surge of power!
The sticky flame hits the minotaur.
The minotaur completely resists.
The minotaur is heavily wounded.
The minotaur is covered in liquid flames!
The minotaur burns!
The minotaur hits you!!
* * * LOW HITPOINT WARNING * * *
The minotaur gores you.
* * * LOW HITPOINT WARNING * * *
You feel better.
The minotaur burns!
The minotaur hits you!!
You die...
Your body crumbles into a pile of gold.

#...##≈.#.h.G
#.⌠.#≈≈.#.###
#...##≈.#$#..
#############.⌠.###.#©.#©
#..........##...##..#?.##
#.########.##.⌠.#...#h...
#.#......#.##...#.∩.#G...
#.# #H#.##.©.#...#####
#.# $#@#......#.⌠.....#
#.######.####.©.#...#####
#........# #...#.∩.#wwww
########## #.⌠.#...#..#w
#...##..#[.#.
#.⌠.###.#©.#©
#...##≈.#?.#.
#.⌠.#≈≈.#=.#. ##≈.#.w..


You could see a minotaur (burning).

Vanquished Creatures
  A boulder beetle (D:12)
  5 hydras
  A death knight (D:11)
  5 two-headed ogres
  A wizard (Gauntlet)
  Pikel (D:4)
  2 orc knights (Bailey)
  2 ugly things
  2 manticores (D:12)
  2 black mambas
  A gargoyle (D:12)
  2 cane toads
  2 unseen horrors
  3 komodo dragons
  2 freezing wraiths (D:12)
  A kobold demonologist (D:12)
  A rime drake (Lair:3)
  A queen bee (D:11)
  A troll (D:10)
  3 polar bears
  Grinder (D:4)
  A vampire (D:10)
  Sigmund (D:4)
  4 wraiths
  3 wyverns
  A shadow (D:12)
  21 yaks
  A basilisk (Lair:3)
  2 chaos spawn (Gauntlet)
  A vampire mosquito (D:5)
  A neqoxec (Gauntlet)
  2 acid dragons (D:9)
  7 water moccasins
  3 black bears
  11 orc warriors
  4 ice beasts
  A sky beast (D:7)
  3 ogres
  3 necrophages
  13 centaurs
  A lemure (D:4)
  2 kobold brigands
  5 bullfrogs
  2 scorpions
  30 killer bees
  8 wights
  An electric eel (D:10)
  2 howler monkeys
  A bullfrog zombie (D:6)
  4 centaur zombies
  A bullfrog skeleton (D:4)
  2 human zombies (Ossuary)
  2 orc priests
  A jelly (D:8)
  A centaur skeleton (D:4)
  4 iguanas
  9 orc wizards
  2 mummies (Ossuary)
  A howler monkey zombie (D:9)
  5 adders
  2 shadow imps (D:5)
  3 white imps
  2 adder zombies (Ossuary)
  4 dart slugs
  38 orcs
  8 ball pythons
  4 bats
  6 endoplasms
  4 giant cockroaches
  8 goblins
  8 hobgoblins
  7 jackals
  20 kobolds
  5 quokkas
  3 frilled lizards
  2 goblin zombies (Ossuary)
  9 hobgoblin zombies (Ossuary)
  12 kobold zombies (Ossuary)
  7 orc zombies (Ossuary)
  3 rats
  2 rat zombies (Ossuary)
364 creatures vanquished.

Vanquished Creatures (collateral kills)
  Rupert (D:12)
  Azrael (D:12)
  Fannar (D:12)
  A hydra (D:12)
  A boulder beetle (D:12)
  A centaur warrior (D:12)
  A death knight (D:12)
  A skeletal warrior (D:12)
  A swamp dragon (shapeshifter) (D:12)
  A deep elf pyromancer (D:12)
  2 fire elementals (D:12)
  5 yaks (Lair:3)
  3 vampire mosquitoes
  3 hell hounds (D:12)
  2 centaurs (D:12)
25 creatures vanquished.

Vanquished Creatures (others)
  An ice beast (D:6)
  A shadow imp (Gauntlet)
  3 demonic plants (Gauntlet)
  855 foxfires
  8 fungi (Lair:3)
  2 plants
  3 snaplasher vines (D:12)
873 creatures vanquished.

Grand Total: 1262 creatures vanquished

Notes
Turn   | Place    | Note
-------+----------+-------------------------------------------
     0 | D:1      | robertstho the Djinni Fire Elementalist began the quest for
                  | the Orb.
     0 | D:1      | Reached XP level 1. HP: 15/15 MP: 0/0
   192 | D:1      | Reached XP level 2. HP: 19/21 MP: 0/0
   771 | D:1      | Reached skill level 3 in Spellcasting
   965 | D:1      | Reached XP level 3. HP: 25/25 MP: 0/0
   965 | D:1      | Learned a level 1 spell: Sting
  1762 | D:2      | Found a faded altar of an unknown god.
  1976 | D:2      | Found a hazy altar of Hepliaklqana.
  2281 | D:2      | Reached XP level 4. HP: 28/31 MP: 0/0
  2716 | D:3      | Reached skill level 1 in Fighting
  2784 | D:3      | Reached XP level 5. HP: 37/37 MP: 0/0
  2784 | D:3      | Learned a level 2 spell: Slow
  3310 | D:4      | Noticed a necrophage
  3317 | D:4      | Killed a necrophage
  3318 | D:4      | Reached skill level 4 in Spellcasting
  3318 | D:4      | Reached XP level 6. HP: 43/43 MP: 0/0
  3324 | D:4      | Noticed Pikel
  3410 | D:5      | Entered Level 5 of the Dungeon
  3436 | D:5      | Found a glowing silver altar of Zin.
  3667 | D:5      | Found a sparkling altar of Nemelex Xobeh.
  3730 | D:5      | Noticed a vampire mosquito
  3732 | D:5      | Noticed a vampire mosquito
  3746 | D:5      | Killed a vampire mosquito
  3747 | D:5      | Reached skill level 5 in Spellcasting
  3747 | D:5      | Reached XP level 7. HP: 31/49 MP: 0/0
  3747 | D:5      | Learned a level 3 spell: Tukima's Dance
  3767 | D:5      | Killed a vampire mosquito
  3977 | D:4      | Killed Pikel
  3978 | D:4      | Reached skill level 6 in Spellcasting
  3978 | D:4      | Reached XP level 8. HP: 39/56 MP: 0/0
  4131 | D:4      | Noticed Sigmund
  4134 | D:4      | Killed Sigmund
  4135 | D:4      | Reached skill level 1 in Short Blades
  4135 | D:4      | Reached skill level 7 in Spellcasting
  4230 | D:4      | Noticed Grinder
  4238 | D:4      | Killed Grinder
  4239 | D:4      | Reached XP level 9. HP: 55/62 MP: 0/0
  4239 | D:4      | Learned a level 3 spell: Ozocubu's Armour
  4533 | D:4      | Reached skill level 1 in Shields
  4677 | D:6      | Reached skill level 8 in Spellcasting
  4746 | D:6      | Found a sand-covered staircase.
  4750 | Ossuary  | Entered an ossuary
  5075 | D:6      | Found Hohubeff's Book Shoppe.
  5336 | D:6      | You are sucked into a shaft and drop 2 floors!
  5387 | D:8      | Found a stormy altar of Qazlal.
  5742 | D:8      | Reached XP level 10. HP: 55/69 MP: 0/0
  5986 | D:8      | Reached skill level 9 in Spellcasting
  6223 | D:7      | Killed an unseen horror
  6224 | D:7      | Reached skill level 5 in Fighting
  6983 | D:6      | Found a staircase to the Ecumenical Temple.
  7172 | Temple   | Entered the Ecumenical Temple
  7309 | Temple   | Became a worshipper of Gozag Ym Sagoz the Greedy
  7881 | D:9      | Noticed a two-headed ogre
  7887 | D:9      | Killed a two-headed ogre
  7888 | D:9      | Reached skill level 10 in Spellcasting
  8035 | D:9      | Found a white marble altar of Elyvilon.
  8283 | D:9      | Reached XP level 11. HP: 57/76 MP: 0/0
  8283 | D:9      | Learned a level 5 spell: Summon Forest
  8408 | D:10     | Entered Level 10 of the Dungeon
  8588 | D:10     | Reached skill level 11 in Spellcasting
  8873 | D:10     | Found a staircase to the Lair.
  8962 | D:10     | Found a flagged portal.
  8980 | Bailey   | Entered a bailey
  9056 | Bailey   | Noticed an orc knight
  9056 | Bailey   | Noticed an orc knight
  9061 | Bailey   | Killed an orc knight
  9063 | Bailey   | Killed an orc knight
  9363 | D:10     | Noticed a two-headed ogre
  9368 | D:10     | Killed a two-headed ogre
  9412 | D:11     | Noticed a death knight
  9420 | D:11     | Killed a death knight
  9486 | D:11     | Noticed gregwegmann's ghost (journeyman MiBe)
  9517 | D:11     | Found a transporter.
  9522 | D:11     | Found a transporter.
  9538 | D:11     | Noticed a two-headed ogre
  9542 | D:11     | Killed a two-headed ogre
  9543 | D:11     | Reached skill level 12 in Spellcasting
  9543 | D:11     | Reached XP level 12. HP: 73/85 MP: 0/0
  9831 | D:11     | Found a staircase to the Orcish Mines.
 10732 | D:12     | Noticed a two-headed ogre
 10733 | D:12     | Noticed a centaur warrior
 10733 | D:12     | Noticed a four-headed hydra
 10733 | D:12     | Noticed a two-headed ogre
 10740 | D:12     | Killed a two-headed ogre
 10749 | D:12     | Killed a four-headed hydra
 10754 | D:12     | Noticed a swamp dragon
 10754 | D:12     | a guardian serpent changed into a swamp dragon
 10758 | D:12     | Killed a swamp dragon
 10758 | D:12     | Killed a centaur warrior
 10759 | D:12     | Reached skill level 13 in Spellcasting
 10837 | D:12     | Noticed a boulder beetle
 10854 | D:12     | Killed a two-headed ogre
 10867 | D:12     | Killed a boulder beetle
 10982 | D:12     | Noticed a boulder beetle
 11018 | D:12     | Killed a boulder beetle
 11049 | D:12     | Found Efics's Armour Emporium.
 11208 | D:12     | Reached XP level 13. HP: 84/92 MP: 0/0
 11208 | D:12     | Learned a level 5 spell: Yara's Violent Unravelling
 11211 | D:12     | Noticed Fannar
 11223 | D:12     | Killed Fannar
 11291 | D:12     | Noticed Azrael
 11314 | D:12     | Killed Azrael
 11356 | D:12     | Bought a masterwork ring mail for 306 gold pieces
 11356 | D:12     | Identified the +5 ring mail of Sunlight {Int+3} (You bought
                  | it in a shop on level 12 of the Dungeon)
 11623 | D:12     | Noticed Rupert
 11624 | D:12     | Paralysed by Rupert for 3 turns
 11639 | D:12     | Killed Rupert
 11640 | D:12     | Reached skill level 14 in Spellcasting
 11749 | Lair:1   | Entered Level 1 of the Lair of Beasts
 11752 | Lair:1   | Noticed an eight-headed hydra
 11758 | Lair:1   | Killed an eight-headed hydra
 11761 | Lair:1   | Noticed a four-headed hydra
 11765 | Lair:1   | Killed a four-headed hydra
 11822 | Lair:1   | Noticed a seven-headed hydra
 11828 | Lair:1   | Killed a seven-headed hydra
 12883 | Lair:2   | Reached skill level 1 in Armour
 12900 | Lair:2   | Reached skill level 5 in Dodging
 12920 | Lair:2   | Noticed a five-headed hydra
 12925 | Lair:2   | Killed a five-headed hydra
 13186 | Lair:2   | Identified the +2 robe "Kexzil" {rCorr SInv}
 13825 | Lair:3   | Noticed a four-headed hydra
 13832 | Lair:3   | Killed a four-headed hydra
 13833 | Lair:3   | Reached XP level 14. HP: 89/99 MP: 0/0
 14465 | Lair:4   | Identified a scroll of acquirement
 14475 | Lair:4   | Acquired a manual of Armour
 14489 | Lair:4   | Bought a scroll of immolation for 49 gold pieces
 14489 | Lair:4   | Bought a scroll of identify for 28 gold pieces
 14489 | Lair:4   | Bought a scroll of amnesia for 49 gold pieces
 14489 | Lair:4   | Bought a scroll of identify for 28 gold pieces
 14489 | Lair:4   | Bought a scroll of identify for 28 gold pieces
 14523 | Lair:4   | Found a gate leading to a gauntlet.
 14530 | Gauntlet | Entered a Gauntlet
 14530 | Gauntlet | Found a transporter.
 14530 | Gauntlet | Found a transporter.
 14549 | Gauntlet | Found a transporter.
 14553 | Gauntlet | Found a transporter.
 14557 | Gauntlet | Found a transporter.
 14561 | Gauntlet | Found a transporter.
 14569 | Gauntlet | Found a transporter.
 14589 | Gauntlet | Found a transporter.
 14606 | Gauntlet | Found a transporter.
 14610 | Gauntlet | Found a transporter.
 14618 | Gauntlet | Found a transporter.
 14622 | Gauntlet | Found a transporter.
 14680 | Gauntlet | Reached skill level 15 in Spellcasting
 14774 | Gauntlet | Identified the +0 hat "Ceqikasch" {rF+ rN+ Int+4 Stlth+}
 14867 | Gauntlet | Noticed a minotaur
 14881 | Gauntlet | Slain by a minotaur

Illustrated notes

Levels and vault maps discovered:
D:1:      wander_arrival_peaceful_grave, layout_loops_ring, minmay_box_of_dots
D:2:      layout_rooms, basic_ecumenical_altar, basic_altar
D:3:      layout_basic, moated_statue
D:4:      layout_loops_ring, uniq_grinder, uniq_pikel, uniq_sigmund
D:5:      layout_rooms, nemelex_altar_shiori,
          mainiacjoe_overflow_small_starburst, grunt_decor_resistance
D:6:      layout_loops_ring, lemuel_temple_firewalk_b, serial_shops, shop,
          enter_ossuary_5
D:7:      layout_basic, overflow_temple_1_default
D:8:      layout_cave_pods, nicolae_overflow_hidden_temple
D:9:      layout_rooms, nicolae_overflow_crystal_walls, chequers_avenue
D:10:     layout_basic, david_lair_generic, enter_bailey_4,
          kennysheep_generic_room_4
D:11:     layout_loops_corners, orc_david_3, gammafunk_ghost_hive, special_room
          [special_room_bee]
D:12:     layout_basic, serial_shops, nicolae_shop_statue_plus, grunt_potential,
          uniq_fannar, uniq_rupert, uniq_azrael
Temple:   minmay_crystal_spiral_temple
Lair:1:   layout_layer_cave, chequers_serial_rivers_micro_c, minivault_19
Lair:2:   layout_regular_city, lemuel_fruit_fields
Lair:3:   layout_chaotic_city
Lair:4:   layout_regular_city, minmay_shoals_entry_hut, spider_nest_entry_webs,
          basic_altar, gauntlet_entry_generic, grunt_megastairs_5,
          serial_bayou_shore_a, lemuel_fruit_fields
Gauntlet: minmay_gauntlet_77_indecision [minmay_gauntlet_arena_77_museum,
          minmay_gauntlet_arena_77_two_lines,
          minmay_gauntlet_arena_77_two_paths,
          minmay_gauntlet_arena_77_broken_ladder,
          minmay_gauntlet_arena_77_chump_sandwich,
          minmay_gauntlet_arena_77_hold_the_fort, gauntlet_exit_spiral]

Skill      XL: |  1  2  3  4  5  6  7  8  9 10 11 12 13 14 |
---------------+-------------------------------------------+-----
Spellcasting   | 3 4 5 6 7 8 10 12 13 14 15 | 15.0
Fighting       | 1 2 3 4 5 7 8 9 |  9.0
Stealth        | 2 3 4 |  4.1
Dodging        | 3 4 5 |  5.0
Short Blades   | 1 2 3 |  3.3
Shields        | 1 |  1.6
Armour         | 1 |  1.8

Action                   |  1- 3 |  4- 6 |  7- 9 | 10-12 | 13-15 || total
-------------------------+-------+-------+-------+-------+-------++-------
Melee: Unarmed           |     2 |       |       |       |       ||     2
       Rapier            |     1 |     4 |    22 |    22 |    20 ||    69
 Cast: Foxfire           |   107 |   105 |   280 |    64 |     5 ||   561
       Sticky Flame      |       |     1 |    10 |    24 |    25 ||    60
       Fireball          |       |       |       |   182 |    92 ||   274
       Tukima's Dance    |       |       |       |     1 |     5 ||     6
       Summon Forest     |       |       |       |     4 |     4 ||     8
       Yara's Violent Un |       |       |       |       |     3 ||     3
Invok: Potion Petition   |       |       |       |     3 |     1 ||     4
       Call Merchant     |       |       |       |       |     2 ||     2
  Use: Scroll            |     1 |     5 |       |     5 |    17 ||    28
       Potion            |       |       |       |     2 |     5 ||     7
 Stab: Sleeping          |       |       |     2 |       |       ||     2
Armor: Robe              |     4 |     3 |    13 |     5 |     8 ||    33
       Ring mail         |       |       |       |       |     3 ||     3
Dodge: Dodged            |     3 |    10 |    41 |    28 |    17 ||    99
Block: Buckler           |     1 |     6 |     6 |     2 |       ||    15
       Kite shield       |       |       |       |    10 |    23 ||    33
       Reflection        |       |       |       |     4 |     1 ||     5

Table legend: (Time is in decaauts)
 A = Elapsed time spent in this place.
 B = Non-inter-level travel time spent in this place.
 C = Inter-level travel time spent in this place.
 D = Time resting spent in this place.
 E = Time spent auto-exploring this place.
 F = Levels seen in this place.
 G = Mean time per level.
                   A        B        C        D        E       F      G
               +--------+--------+--------+--------+--------+-----+--------+
         Total |  14924 |  13926 |    998 |    141 |  11025 |  20 |  746.2 |
       Dungeon |  10921 |  10146 |    775 |     96 |   8130 |  12 |  910.1 |
        Temple |    213 |    127 |     86 |      0 |    111 |   1 |  213.0 |
          Lair |   2780 |   2643 |    137 |      0 |   2328 |   4 |  695.0 |
       Ossuary |    294 |    294 |      0 |      0 |    118 |   1 |  294.0 |
        Bailey |    360 |    360 |      0 |      0 |    199 |   1 |  360.0 |
      Gauntlet |    354 |    354 |      0 |     45 |    139 |   1 |  354.0 |
               +--------+--------+--------+--------+--------+-----+--------+

Top non-repeatable levels by time:
     D:1: 1695 daAuts
    D:12: 1191 daAuts
    D:11: 1171 daAuts
  Lair:1: 1133 daAuts
     D:3: 977 daAuts
     D:6: 909 daAuts
     D:8: 907 daAuts
     D:4: 876 daAuts
  Lair:3: 815 daAuts
  Lair:2: 765 daAuts
     D:2: 755 daAuts
    D:10: 643 daAuts
     D:9: 612 daAuts
     D:7: 594 daAuts
     D:5: 585 daAuts
